 Dungeon Crawl Stone Soup version 0.29.1-2-gbd0b4ee654 (webtiles) character file.

Game seed: 4886567457588444633

50 Tiocfaidh the Covert (level 3, -2/34 HPs)
             Began as a Naga Delver on Nov 27, 2022.
             Slain by Terence
             ... wielding a +0 flail
              (6 damage)
             ... on level 2 of the Dungeon.
             The game lasted 00:08:38 (1493 turns).

Tiocfaidh the Covert (Naga Delver)                  Turns: 1493, Time: 00:08:39

Health: -2/34      AC:  3    Str: 16    XL:     3   Next: 79%
Magic:  3/3        EV:  8    Int: 10    God:
Gold:   96         SH:  0    Dex: 12    Spells: 2/2 levels left

rFire   . . .      SeeInvis +   n - +2 hand axe (flame)
rCold   . . .      Faith    .   (no shield)
rNeg    . . .      Spirit   .   j - +0 ring mail
rPois   +          Reflect  .   (no helmet)
rElec   .          Harm     .   (no cloak)
rCorr   .          Rampage  .   (no gloves)
Will    .....                   (no barding)
Stlth   +++.......              (no amulet)
HPRegen 0.11/turn               (no ring)
MPRegen 0.08/turn               (no ring)

@: very slow
A: AC +1, large, see invisible, deformed body, poison resistance, slowness 2,
spit poison 1, naga tail 1
a: Spit Poison


You were on level 2 of the Dungeon.
You visited 1 branch of the dungeon, and saw 5 of its levels.

You collected 96 gold pieces.

Inventory:

Hand Weapons
 n - a +2 hand axe of flaming (weapon)
Armour
 j - a +0 ring mail (worn)
Wands
 g - a wand of digging (3)
Scrolls
 a - a scroll of vulnerability {unknown}
 b - a scroll of immolation {unknown}
 c - a scroll of fog
 d - a scroll of magic mapping
 e - 2 scrolls of fear
 i - 2 scrolls of noise {unknown}
 m - a scroll of identify {unknown}
Potions
 f - 3 potions of haste
 h - 2 potions of ambrosia {unknown}
 k - a potion of heal wounds {unknown}
 l - 2 potions of curing {unknown}


   Skills:
 + Level 3.2 Fighting
 + Level 2.7 Axes
 + Level 0.3 Armour
 + Level 1.6 Dodging
 + Level 8.2 Stealth


You had 2 spell levels left.
You didn't know any spells.
Your spell library contained the following spells:

 Spells                   Type           Power      Damage    Failure   Level
 Blink                    Tloc           0%         N/A       73%         2
 Scorch                   Fire           0%         2d5       73%         2
 Inner Flame              Hex/Fire       0%         N/A       91%         3
 Lesser Beckoning         Tloc           0%         N/A       91%         3
 Cause Fear               Hex            0%         N/A       100%        4
 Flame Wave               Conj/Fire      0%         2d4       100%        4
 Manifold Assault         Tloc           0%         N/A       100%        5
 Summon Cactus Giant      Summ           0%         N/A       100%        6
 Discord                  Hex            0%         N/A       100%        8


Dungeon Overview and Level Annotations

Branches:
Dungeon (5/15)
 Temple: D:4-7

Altars:

Annotations:
D:2 Jessica, Terence


Innate Abilities, Weirdness & Mutations

Your serpentine skin is tough. (AC +1)
You have supernaturally acute eyesight. (SInv)
Armour fits poorly on your strangely shaped body.
Your system is resistant to poisons. (rPois)
You cover ground very slowly.
You can spit poison.
You have a snake-like lower body.


Message History

Found a leather armour.
You see here a +0 leather armour.
Found a leather armour.
An adder comes into view.
The adder hisses angrily.
You hear an angry hiss.
You can't see any hostile targets in range.
Unknown command.
Aiming: Spit Poison (2% risk of failure)
Press: ? - help, Q - select action Shift-Dir - straight line, f - Terence
Aim: Terence, wielding a +0 flail and wearing a +0 scale mail (asleep, 100% to hit)
The splash of poison hits Terence.
Terence is lightly wounded.
Terence shouts!
You hear an angry hiss.
An adder comes into view.
The adder moves out of view.
You closely miss Terence.
Terence is lightly wounded.
You have got your breath back.
Terence barely misses you.
You hit Terence but do no damage.
Terence is lightly wounded.
Terence hits you with a +0 flail!
You hit Terence. You burn Terence.
Terence is moderately wounded.
Terence hits you with a +0 flail!
You slash Terence! You burn Terence.
Terence is almost dead.
You closely miss the adder. Terence barely misses you.
The adder bites you but does no damage.
You hit Terence but do no damage.
Terence is almost dead.
You closely miss the adder. The adder bites you.
Terence hits you with a +0 flail!
* * * LOW HITPOINT WARNING * * *
The adder barely misses you. Terence hits you with a +0 flail.
* * * LOW HITPOINT WARNING * * *
You closely miss the adder. You closely miss Terence.
Terence hits you with a +0 flail.
You die...

#.#..# #.# #.<# ...# ##.#
###.#..###.## #..###w...# #.#
......<...... .........S. #.#
#.#.#.......# ...... #.#
#.#.......#.. #... . #.#
#.###....#######.# ..# #.#
#.###...........[###...# #.#
..รท.............SS.....######.#
........##.##...@@............#
..###.#.##.####################
### #.#....# #.###### #[#
#####.# ......# #######


You could see Terence and 2 adders.

Vanquished Creatures
  2 adders (D:2)
  A dart slug (D:1)
  5 endoplasms
  A giant cockroach (D:1)
  3 goblins
  5 hobgoblins
  5 ball pythons
  3 bats (D:1)
  A frilled lizard (D:1)
  2 kobolds
  A spectral kobold (D:1)
29 creatures vanquished.

Vanquished Creatures (others)
  19 plants (D:1)
19 creatures vanquished.

Grand Total: 48 creatures vanquished

Notes
Turn   | Place    | Note
-------+----------+-------------------------------------------
     0 | D:5      | Tiocfaidh the Naga Delver began the quest for the Orb.
     0 | D:5      | Reached XP level 1. HP: 21/21 MP: 1/1
     9 | D:5      | Noticed a jelly
    19 | D:5      | Noticed an orc priest
    19 | D:5      | Noticed an orc priest
   112 | D:2      | Reached XP level 2. HP: 16/28 MP: 2/2
   281 | D:2      | Noticed Jessica
   411 | D:2      | Noticed Terence
   565 | D:1      | Reached skill level 8 in Stealth
   695 | D:1      | Found a faded altar of an unknown god.
   879 | D:1      | Reached XP level 3. HP: 33/34 MP: 3/3
  1493 | D:2      | Slain by Terence

Illustrated notes

Levels and vault maps discovered:
D:1:      psy_arrival_fountain, layout_loops_ring,
          dreamdust_ecumenical_altar_drowned_temple, serial_bayou_lagoon_a
D:2:      layout_loops_ring, uniq_terence, uniq_jessica
D:3:      layout_basic
D:4:      layout_basic, serial_shops, nicolae_inconvenience_store
D:5:      layout_cave_pools, minmay_overflow_temple_star_hex,
          gammafunk_ghost_grave, serial_bayou_pond_d

Skill      XL: |  1  2 |
---------------+-------+-----
Stealth        | 8 |  8.2
Fighting       | |  3.2
Axes           | |  2.7
Armour         | |  0.3
Dodging        | |  1.6

Action                   || total
-------------------------++-------
Melee: War axe           ||    48
       Hand axe          ||    25
 Abil: Spit Poison       ||     1
 Stab: Sleeping          ||     9
Armor: Ring mail         ||    15
Dodge: Dodged            ||    31
